cohdb
Replays
Latest Replays
All Replays
Popular Replays
Top Player Replays
Match Explorer
How It Works
Community
CoH3 Stats
Reddit
Sign in to upload your games and track your stats! →
Sign in with Steam
Match 41844474
Unlisted
Match 41844474
Overview
Messages
Build Orders
End
Construct Barracks
Selects Advanced Infantry Battlegroup
Riflemen Squad
Riflemen Squad
M1 Mortar Team
Infantry Support Center
Selects Convert to Ranger Squad
Selects Ammunition Storage
Riflemen Squad
Construct Medical Station
M1918 Browning Automatic Rifles
Grenade Package
Munitions Surplus
Construct Motor Pool
homig
kerem
ShadowStorm
zuikaku0302
xxSANDMANxx
零九
0
0
Comments
sign in to comment!
No comments posted yet!